 Dungeon Crawl Stone Soup version 0.31.0-32-g396128a36d (webtiles) character file.

Game seed: 17340475936339325095

816 belegose the Firebug (level 8, 0/41 HPs)
             Began as a Kobold Fire Elementalist on Apr 25, 2024.
             Killed by divine providence
             ... invoked by an orc priest
              (13 damage)
             ... on level 5 of the Dungeon.
             The game lasted 00:17:41 (6356 turns).

belegose the Firebug (Kobold Fire Elementalist)     Turns: 6356, Time: 00:17:43

Health: 0/41       AC:  4    Str:  7    XL:     8   Next: 16%
Magic:  12/16      EV: 15    Int: 17    God:
Gold:   261        SH:  0    Dex: 15    Spells: 14/17 levels left

rFire   + . .        a - +1 quarterstaff (heavy)
rCold   . . .        (shield currently unavailable)
rNeg    + . .        v - +1 robe {rN+}
rPois   .            (no helmet)
rElec   .            (no cloak)
rCorr   .            (no gloves)
SInv    .            n - +0 pair of boots
Will    .....        (no amulet)
Stlth   +++          D - ring of protection from fire
HPRegen 0.26/turn    (no ring)
MPRegen 0.15/turn

%: no passive effects
@: no status effects
A: small, no large weapons, nightstalker 3
a: no special abilities


You were on level 5 of the Dungeon.
You visited 1 branch of the dungeon, and saw 6 of its levels.

You collected 261 gold pieces.

Inventory:

Hand Weapons
 a - a +1 heavy quarterstaff (weapon)
 b - a +0 sling
 c - a +3 dagger
 l - a +1 trident of flaming
 u - the +2 spear of Sonem {spect, rF+ rC+}
   (You found it on level 3 of the Dungeon)

   rF+:       It protects you from fire.
   rC+:       It protects you from cold.
Missiles
 e - 46 stones
 p - 11 poisoned darts
 t - 2 boomerangs
Armour
 n - a +0 pair of boots (worn)
 v - a +1 robe of positive energy (worn)
 z - an orb of light
Jewellery
 D - a ring of protection from fire (left hand)
Scrolls
 d - 2 scrolls of teleportation {unknown}
 h - 4 scrolls of identify {unknown}
 j - a scroll of summoning {unknown}
 s - a scroll of fog {unknown}
 y - 2 scrolls of vulnerability {unknown}
 B - a scroll of enchant weapon {unknown}
 C - a scroll of blinking {unknown}
 E - a scroll of fear {unknown}
Potions
 f - 2 potions of brilliance
 g - a potion of heal wounds
 i - a potion of lignification {unknown}
 k - 3 potions of haste
 m - 2 potions of berserk rage {unknown}
 o - a potion of invisibility {unknown}
 q - a potion of magic
 r - 2 potions of attraction {unknown}
 w - a potion of curing {unknown}
 x - a potion of enlightenment {unknown}
 A - a potion of ambrosia {unknown}


   Skills:
 - Level 2.4 Dodging
 - Level 2.6 Stealth
 + Level 5.4 Spellcasting
 + Level 4.9 Conjurations
 + Level 5.7 Fire Magic


You had 14 spell levels left.
You knew the following spells:

 Your Spells              Type           Power      Damage    Failure   Level
a - Foxfire               Conj/Fire      88%        2x1d8     1%          1
b - Scorch                Fire           48%        2d7       1%          2

Your spell library contained the following spells:

 Spells                   Type           Power      Damage    Failure   Level
 Inner Flame              Hex/Fire       14%        N/A       13%         3
 Volatile Blastmotes      Fire/Tloc      28%        2d12      13%         3
 Freeze                   Ice            16%        1d4       14%         1
 Hailstorm                Conj/Ice       12%        3d6       16%         3
 Flame Wave               Conj/Fire      22%        2d8       16%         4
 Mercury Vapours          Alch/Air       8%         N/A       21%         2
 Mephitic Cloud           Conj/Alch/Air  10%        N/A       21%         3
 Frozen Ramparts          Ice            8%         1d2       38%         3
 Freezing Cloud           Conj/Ice/Air   5%         6-21      88%         5


Dungeon Overview and Level Annotations

Branches:
Dungeon (6/15)
 Temple: D:4-7

Altars:
Dithmenos
Sif Muna

Annotations:
D:2 1 runed translucent door, exclusion: door, Crazy Yiuf


Innate Abilities, Weirdness & Mutations

You are small and have problems with some larger weapons.
You are completely attuned to the shadows.


Message History

Confirm with . or Enter, or press ? or * to list all spells.
You conjure some foxfire!
The foxfire hits the orc priest.
You kill the orc priest!
Your foxfire dissipates!
An orc comes into view. It is wielding a +0 dagger.
Unknown command.
Your foxfire dissipates! x2
An orc priest comes into view. It is wielding a +0 falchion.
Things that are here:
a +0 whip; a +0 leather armour A white imp comes into view.
An orc comes into view. It is wielding a +0 trident.
There is a stone staircase leading up here.
Casting: Foxfire (safe; 1% risk of failure)
Confirm with . or Enter, or press ? or * to list all spells.
You conjure some foxfire!
The orc shouts!
You hear a shout!
The foxfire hits the orc!
The orc is almost dead.
The orc priest calls down the wrath of Beogh upon you.
Beogh smites you!
You hear a shout!
You hit the orc.
You kill the orc!
The foxfire hits the orc priest but does no damage.
The orc hits you but does no damage.
The orc hits you from afar with a +0 trident.
The orc priest invokes the aid of Beogh against you.
Beogh smites you!
* * * LOW HITPOINT WARNING * * *
You climb upwards.
There is a stone staircase leading down here.
Casting: Foxfire (safe; 1% risk of failure)
Confirm with . or Enter, or press ? or * to list all spells.
Flames lash the orc priest.
The orc priest is lightly wounded.
The orc priest's fire resistance burns away.
The orc priest calls down the wrath of Beogh upon you.
Beogh smites you!
You die...

#.. ###.. #....
######### #....
#.......# #....
#.#####.# ###..
#.# #.# #.. #.#
#o# ########. #.#
#@# #........ #.#
#<# #.#######
#.### #.#
#.#...... #...#
#.########.#.#####
###.#
#..........#.#####
#.#
############.##...
#.# #......... #.#
#.##...... #.#
#.##.##...


You could see an orc priest (combustible).

Vanquished Creatures
  A black bear (D:5)
  2 ogres (D:5)
  A scorpion (D:6)
  A bombardier beetle (D:5)
  A hound (D:5)
  5 orc priests
  3 iguanas
  2 orc wizards
  5 adders
  A white imp (D:5)
  4 dart slugs
  19 orcs
  6 ball pythons
  3 bats (D:1)
  5 endoplasms
  2 giant cockroaches (D:1)
  7 goblins
  4 hobgoblins
  13 jackals
  8 quokkas
  3 frilled lizards
  3 kobolds (D:1)
  5 rats
104 creatures vanquished.

Vanquished Creatures (others)
  158 foxfires
158 creatures vanquished.

Grand Total: 262 creatures vanquished

Notes
Turn   | Place    | Note
-------+----------+-------------------------------------------
     0 | D:1      | belegose the Kobold Fire Elementalist began the quest for
                  | the Orb.
     0 | D:1      | Reached XP level 1. HP: 10/10 MP: 3/3
    39 | D:1      | Reached XP level 2. HP: 13/15 MP: 5/5
   307 | D:1      | Reached XP level 3. HP: 16/19 MP: 7/7
  1196 | D:2      | Reached XP level 4. HP: 21/24 MP: 6/8
  1470 | D:2      | Found a runed translucent door.
  1473 | D:2      | Noticed Crazy Yiuf
  2425 | D:3      | Identified the +2 spear of Sonem {spect, rF+ rC+}
  2510 | D:3      | Reached XP level 5. HP: 28/28 MP: 8/10
  3714 | D:4      | Reached XP level 6. HP: 28/32 MP: 9/11
  3807 | D:4      | Found a shimmering blue altar of Sif Muna.
  4099 | D:5      | Entered Level 5 of the Dungeon
  4224 | D:4      | HP: 1/32 [orc wizard/magic dart (2)]
  4340 | D:4      | Found a shimmering blue altar of Sif Muna.
  4956 | D:5      | Noticed an ogre
  4995 | D:5      | Noticed an ogre
  5030 | D:5      | Killed an ogre
  5031 | D:5      | Reached XP level 7. HP: 36/36 MP: 7/13
  5261 | D:5      | Reached skill level 5 in Fire Magic
  5681 | D:5      | Found a shadowy altar of Dithmenos.
  5715 | D:5      | Reached skill level 5 in Spellcasting
  6004 | D:5      | Reached XP level 8. HP: 5/41 MP: 9/15
  6156 | D:5      | Learned a level 2 spell: Scorch
  6356 | D:5      | Killed from afar by an orc priest

Illustrated notes

Levels and vault maps discovered:
D:1:      psy_arrival_dodecagon, layout_loops_ring, hangedman_decor_peaks_small,
          hangedman_feature_mirror, minmay_tetromino_i2
D:2:      layout_basic, serial_glass, glass_columns_a, glass_columns_a,
          glass_columns_b, glass_columns_a, uniq_crazy_yiuf_cottage
D:3:      layout_basic, kennysheep_pointless_box
D:4:      layout_loops_ring, mainiacjoe_overflow_tiny_flanked
D:5:      layout_loops_ring, grunt_dithmenos_smoke
D:6:      layout_basic, lemuel_coloured_pillars_altar,
          mainiacjoe_overflow_six_doors_small

Skill      XL: |  1  2  3  4  5  6  7 |
---------------+----------------------+-----
Conjurations   | 2 3 4 |  4.9
Spellcasting   | 3 4 5 |  5.4
Fire Magic     | 4 5 |  5.7
Dodging        | |  2.4
Stealth        | |  2.6

Action                     |  1- 3 |  4- 6 |  7- 9 || total
---------------------------+-------+-------+-------++-------
  Melee: Quarterstaff      |    68 |    38 |    10 ||   116
         Spear             |       |     3 |     7 ||    10
   Fire: Sling             |       |    84 |     8 ||    92
   Cast: Foxfire           |     2 |    60 |    29 ||    91
         Scorch            |       |       |     2 ||     2
    Use: Potion            |       |     3 |       ||     3
   Stab: Sleeping          |     8 |     5 |     1 ||    14
 Armour: Robe              |    37 |    64 |    13 ||   114
  Dodge: Dodged            |    86 |   102 |    16 ||   204
